 Dungeon Crawl Stone Soup version 0.18.1-48-g4cf74bf (webtiles) character file.

319 Necrotakul the Digger (level 6, -5/32 HPs)
             Began as a Gargoyle Earth Elementalist on July 11, 2016.
             Slain by an ogre
             ... wielding a +0 giant club
              (20 damage)
             ... on level 5 of the Dungeon.
             The game lasted 00:16:58 (4390 turns).

Necrotakul the Digger (Gargoyle Earth Elementalist) Turns: 4390, Time: 00:16:59

Health: -5/32      AC:  7    Str: 12    XL:     6   Next: 46%
Magic:  8/11       EV: 12    Int: 17    God:
Gold:   352        SH:  0    Dex: 10    Spells: 2 memorised, 9 levels left

rFire  . . .     SeeInvis .     r - +1 spear (distort)
rCold  . . .     Gourm    .     a - +0 robe
rNeg   + . .     Faith    .     (no shield)
rPois  ∞         Spirit   .     u - +0 helmet
rElec  +         Dismiss  .     (no cloak)
rCorr  .         Reflect  .     (no gloves)
SustAt .         Harm     .     (no boots)
MR     .....                    (no amulet)
Stlth  ++........               (no ring)
                                (no ring)

@: not resistant to hostile enchantments, unstealthy
A: negative energy resistance 1, electricity resistance, unbreathing,
petrification resistance, rot immunity, AC +4
a: no special abilities


You were on level 5 of the Dungeon.
You were not hungry.

You visited 1 branch of the dungeon, and saw 5 of its levels.

You collected 352 gold pieces.

Inventory:

Hand Weapons
 r - a +1 spear of distortion (weapon)
Missiles
 w - 34 stones (quivered)
Armour
 a - a +0 robe (worn)
 u - a +0 helmet (worn)
Jewellery
 l - an uncursed ring of ice
Scrolls
 b - a scroll of enchant weapon {unknown}
 i - 3 scrolls of remove curse
 q - a scroll of enchant armour {unknown}
 s - 3 scrolls of teleportation {unknown}
 x - 3 scrolls of identify
 y - a scroll of fog {unknown}
Potions
 e - a potion of magic {unknown}
 f - a potion of might
 g - 2 potions of agility
 h - 2 potions of berserk rage
 j - a potion of lignification {unknown}
 k - 2 potions of curing
 o - 2 potions of haste {unknown}
 t - a potion of beneficial mutation {unknown}
 v - a potion of cure mutation {unknown}
 z - a potion of mutation {unknown}
Books
 c - a book of Geomancy

   Spells                             Type                      Level
   a - Sandblast                      Earth                        1
   b - Passwall                       Transmutation/Earth          2
   c - Stone Arrow                    Conjuration/Earth            3
   d - Petrify                        Transmutation/Earth          4
   e - Lee's Rapid Deconstruction     Earth                        5
 p - a book of the Earth

   Spells                             Type                      Level
   a - Leda's Liquefaction            Hexes/Earth                  4
   b - Bolt of Magma                  Conjuration/Fire/Earth       5
   c - Statue Form                    Transmutation/Earth          6
   d - Iron Shot                      Conjuration/Earth            6
   e - Shatter                        Earth                        9
Comestibles
 d - 4 bread rations
 m - 3 meat rations
 n - a beef jerky
 A - a chunk of flesh
 B - a royal jelly


   Skills:
 - Level 1.5 Dodging
 - Level 2.1 Stealth
 + Level 3.7 Spellcasting
 - Level 0.7 Transmutations
 - Level 7.2 Earth Magic


You had 9 spell levels left.
You knew the following spells:

 Your Spells              Type           Power        Failure   Level  Hunger
a - Sandblast             Erth           ####..       1%          1    None
b - Passwall              Trmt/Erth      ###.......   6%          2    ##.....


Dungeon Overview and Level Annotations

Branches:
Dungeon (5/15)
 Temple: D:4-7

Altars:
Makhleb
Okawaru
Pakellas
Qazlal
Ru
Zin

Shops:
D:3 *


Innate Abilities, Weirdness & Mutations

You are resistant to torment.
Your stone body is resilient (AC +4).
You are immune to poison.
You resist negative energy.
You are resistant to electric shocks.
You can survive without breathing.
You are immune to petrification.
You are immune to rotting.


Message History

The blast of sand hits the ogre.
The ogre is moderately wounded.
A hound comes into view.
The hound barks!
You hit the ogre.
Space bends around the ogre.
The ogre is heavily wounded.
The ogre hits you with a giant club!!
Ouch! That really hurt!
You hit the ogre.
Space bends around the ogre.
The ogre is severely wounded.
You hit the ogre.
Space bends around the ogre.
The ogre is almost dead.
The hound pauses to sniff the ground.
The ogre hits you with a giant club!
* * * LOW HITPOINT WARNING * * *
You are too injured to fight recklessly!
Drink which item? (? for menu, Esc to quit)
You feel better. The ogre hits you with a giant club!!
Ouch! That really hurt!
You die...

......
......
(.....
....$.
....##
.%h#
#O###
#<@.#
###.....#
##..## .#
.. #.


You could see an ogre and a hound.

Vanquished Creatures
  2 hounds (D:4)
  An orc wizard (D:2)
  Ijyb (D:3)
  8 adders
  A worm (D:2)
  2 dart slugs
  2 giant geckos
  7 orcs
  2 giant cockroaches
  8 goblins
  10 hobgoblins
  10 jackals
  9 kobolds
  2 ball pythons
  11 bats
  3 giant newts
  10 rats
89 creatures vanquished.

Vanquished Creatures (others)
  A crimson imp (D:2)
  A hound skeleton (D:3)
  An orc (D:3)
3 creatures vanquished.

Grand Total: 92 creatures vanquished

Notes
Turn   | Place    | Note
--------------------------------------------------------------
     0 | D:1      | Necrotakul the Gargoyle Earth Elementalist began the quest for the Orb.
     0 | D:1      | Reached XP level 1. HP: 10/10 MP: 3/3
   189 | D:1      | Reached skill level 4 in Earth Magic
   250 | D:1      | Reached XP level 2. HP: 15/15 MP: 3/5
   753 | D:1      | Reached skill level 5 in Earth Magic
   753 | D:1      | Reached XP level 3. HP: 19/19 MP: 3/6
  1078 | D:2      | Found an oddly glowing altar of Pakellas.
  1374 | D:2      | Found an iron altar of Okawaru.
  1603 | D:2      | Reached XP level 4. HP: 24/24 MP: 4/7
  1731 | D:2      | Found a burning altar of Makhleb.
  1736 | D:2      | Reached skill level 6 in Earth Magic
  1834 | D:2      | Reached XP level 5. HP: 28/28 MP: 3/8
  2164 | D:3      | Noticed Ijyb
  2219 | D:3      | Reached skill level 7 in Earth Magic
  2257 | D:3      | Found a stormy altar of Qazlal.
  2557 | D:3      | Found a sacrificial altar of Ru.
  2643 | D:3      | Found a sacrificial altar of Ru.
  2760 | D:3      | Found Zin's Purification Station.
  2764 | D:3      | Found a glowing silver altar of Zin.
  3571 | D:4      | Reached XP level 6. HP: 32/32 MP: 6/10
  3608 | D:4      | Learned a level 2 spell: Passwall
  3848 | D:3      | Killed Ijyb
  4383 | D:5      | Entered Level 5 of the Dungeon
  4390 | D:5      | Slain by an ogre

Skill      XL: |  1  2  3  4  5 |
---------------+----------------+-----
Earth Magic    | 4 5 6 7 |  7.2
Spellcasting   | 3 |  3.7
Dodging        | |  1.5
Stealth        | |  2.1
Transmutations | |  0.7

Action                   |  1- 3 |  4- 6 || total
-------------------------+-------+-------++-------
Melee: Spear             |     9 |    86 ||    95
Throw: Stone             |       |     4 ||     4
 Cast: Sandblast         |    39 |    94 ||   133
  Use: Scroll            |     1 |     4 ||     5
       Potion            |       |     1 ||     1
 Stab: Sleeping          |       |     4 ||     4
       Distracted        |       |     1 ||     1
  Eat: Chunk             |     3 |     9 ||    12
Armor: Robe              |    15 |    42 ||    57
Dodge: Dodged            |    17 |    56 ||    73
